 Dungeon Crawl Stone Soup version 0.28.0-45-g0d030f2227 (webtiles) character file.

Game seed: 15806121601683415084

273 MisterFreud the Slasher (level 6, -2/50 HPs)
             Began as a Palentonga Fighter on Apr 28, 2022.
             Was a Follower of Makhleb.
             Slain by Grinder (5 damage)
             ... on level 3 of the Dungeon.
             The game lasted 00:03:39 (3684 turns).

MisterFreud the Slasher (Palentonga Fighter)        Turns: 3684, Time: 00:03:40

Health: -2/50      AC:  6    Str: 19    XL:     6   Next: 3%
Magic:  6/6        EV:  7    Int:  9    God:    Makhleb [*.....]
Gold:   78         SH:  4    Dex: 11    Spells: 5/5 levels left

rFire   . . .      SeeInvis +   a - +0 long sword
rCold   . . .      Faith    .   c - +0 buckler
rNeg    . . .      Spirit   .   b - +0 scale mail
rPois   .          Reflect  .   (no helmet)
rElec   .          Harm     .   (no cloak)
rCorr   .          Rampage  .   (no gloves)
Will    .....                   (no barding)
Stlth   ..........              (no amulet)
HPRegen 0.16/turn               (no ring)
MPRegen 0.10/turn               (no ring)

@: no status effects
A: large, rugged brown scales 3, see invisible, deformed body, roll 1, armoured
tail
a: Rolling Charge, Renounce Religion


You were on level 3 of the Dungeon.
You worshipped Makhleb.
Makhleb was aware of your devotion.
You visited 1 branch of the dungeon, and saw 3 of its levels.

You collected 78 gold pieces.

Inventory:

Hand Weapons
 a - a +0 long sword (weapon)
Missiles
 l - 3 throwing nets
Armour
 b - a +0 scale mail (worn)
 c - a +0 buckler (worn)
Wands
 q - a wand of iceblast (13)
Scrolls
 f - a scroll of fear {unknown}
 g - a scroll of holy word {unknown}
 h - a scroll of identify {unknown}
 i - 2 scrolls of teleportation {unknown}
 m - a scroll of torment {unknown}
 n - a scroll of noise {unknown}
Potions
 d - a potion of might
 e - a potion of lignification {unknown}
 j - a potion of berserk rage {unknown}
 k - a potion of haste {unknown}
 o - a potion of invisibility {unknown}


   Skills:
 - Level 3.0 Fighting
 + Level 6.3 Long Blades
 - Level 2.4 Armour
 - Level 2.4 Shields


You had 5 spell levels left.
You didn't know any spells.
Your spell library contained the following spells:

 Spells                   Type           Power      Damage    Failure   Level
 Animate Skeleton         Necr           0%         N/A       83%         1
 Apportation              Tloc           0%         N/A       83%         1
 Summon Small Mammal      Summ           0%         N/A       83%         1


Dungeon Overview and Level Annotations

Branches:
Dungeon (3/15)

Altars:
Makhleb
Xom

Annotations:
D:2 1 runed translucent door, Crazy Yiuf
D:3 Grinder


Innate Abilities, Weirdness & Mutations

You are completely covered in rugged brown scales. (AC +3, +7% HP)
You have supernaturally acute eyesight. (SInv)
Armour fits poorly on your strangely shaped body.
You can roll at nearby foes to attack.
You have a long armoured tail.


Message History

You feel better.
Grinder says, "Don't move a muscle."
Grinder hits you but does no damage.
Unknown command.
You barely miss Grinder.
Grinder is severely wounded.
Grinder blinks!
You are too injured to fight recklessly!
Roll where?
Press: ? - help, Dir - move target, f/p - Grinder
Aim: Grinder (severely wounded)
You roll forward with a clatter of scales!
You barely miss Grinder.
Grinder is severely wounded.
Grinder barely misses you.
Unknown command.
You hit Grinder.
Grinder is severely wounded.
Grinder barely misses you.
You closely miss Grinder.
You tail-slap Grinder, but do no damage.
Grinder is severely wounded.
Grinder gestures at you. You resist with significant effort.
Unknown command.
You hit Grinder.
Grinder is severely wounded.
Grinder barely misses you.
You closely miss Grinder.
Grinder is severely wounded.
Grinder gestures at you. Pain shoots through your body!
* * * LOW HITPOINT WARNING * * *
Unknown command.
Unknown command.
Unknown command.
You barely miss Grinder.
Grinder is severely wounded.
Grinder hits you.
You die...

....# #.#
....# #.#
....# #.#
....# #.#
...## #.##
..## #..##
.... ##.>#
####
###.#######
#..@......#
#..5.†....#
#.........#
#.........#
...........#
###.........#
#./.......#
#.........#


You could see Grinder.

Vanquished Creatures
  An orc wizard (D:3)
  Natasha (thrice) (D:2)
  5 gnolls
  3 adders (D:2)
  3 worms
  A dart slug (D:1)
  9 orcs
  6 ball pythons
  5 bats
  5 endoplasms
  3 giant cockroaches
  7 goblins
  6 hobgoblins
  4 jackals
  5 quokkas
  4 frilled lizards
  2 kobolds
  12 rats
84 creatures vanquished.

Notes
Turn   | Place    | Note
-------+----------+-------------------------------------------
     0 | D:1      | MisterFreud the Palentonga Fighter began the quest for the
                  | Orb.
     0 | D:1      | Reached XP level 1. HP: 19/19 MP: 1/1
   205 | D:1      | Reached XP level 2. HP: 19/25 MP: 2/2
   368 | D:1      | HP: 1/25 [gnoll/+0 flail (9)]
   371 | D:1      | Reached skill level 3 in Long Blades
   716 | D:1      | Reached XP level 3. HP: 27/31 MP: 3/3
   960 | D:1      | Found a faded altar of an unknown god.
  1498 | D:1      | Reached skill level 4 in Long Blades
  1654 | D:2      | Reached XP level 4. HP: 9/37 MP: 4/4
  1997 | D:2      | Found a burning altar of Makhleb.
  2110 | D:2      | Noticed Natasha
  2113 | D:2      | Killed Natasha
  2149 | D:2      | Became a worshipper of Makhleb the Destroyer
  2213 | D:2      | Noticed Natasha
  2218 | D:2      | Killed Natasha
  2219 | D:2      | Reached skill level 5 in Long Blades
  2229 | D:2      | Found a runed translucent door.
  2230 | D:2      | Noticed Crazy Yiuf
  2396 | D:3      | Found a shimmering altar of Xom.
  2409 | D:3      | Reached XP level 5. HP: 34/43 MP: 5/5
  2564 | D:2      | Noticed Natasha
  2573 | D:2      | Killed Natasha
  3211 | D:3      | Reached skill level 6 in Long Blades
  3363 | D:3      | Reached XP level 6. HP: 43/50 MP: 6/6
  3372 | D:3      | Reached * piety under Makhleb
  3661 | D:3      | Noticed Grinder
  3672 | D:3      | Paralysed by Grinder for 3 turns
  3684 | D:3      | Slain by Grinder

Illustrated notes

Levels and vault maps discovered:
D:1:      dpeg_arrival_lava_altar, layout_loops_corners, basic_ecumenical_altar,
          hex_tiny, nicolae_grassy_gnolls
D:2:      layout_rooms, basic_altar, minmay_split_cup_small,
          uniq_crazy_yiuf_cottage, uniq_natasha
D:3:      layout_rooms, mainiacjoe_overflow_boulevard, uniq_grinder

Skill      XL: |  1  2  3  4  5 |
---------------+----------------+-----
Long Blades    | 3 4 5 6 |  6.3
Fighting       | |  3.0
Armour         | |  2.4
Shields        | |  2.4

Action                   |  1- 3 |  4- 6 || total
-------------------------+-------+-------++-------
Melee: Long sword        |   115 |   136 ||   251
       Tailslap          |     9 |    19 ||    28
 Abil: Rolling Charge    |    17 |    19 ||    36
  Use: Potion            |       |     1 ||     1
Armor: Scale mail        |    70 |    61 ||   131
Dodge: Dodged            |    34 |    58 ||    92
Block: Buckler           |    18 |    23 ||    41
